Cogmind - Beta 17 @@@ ROGUE MODE // 2026.08.01 @ 00:02:15 Player: +Jones Result: Self-destructed Performance ------------- Evolutions (2) 1000 Regions Visited (3) 600 Robots Destroyed (48) 240 Value Destroyed (1329) 1329 Prototype IDs (20) 400 Alien Tech Used (0) 0 Bonus (0) 0 TOTAL SCORE: 3569 Bonus ------- None Cogmind --------- Core Integrity 434/550 Matter 300/300 Energy 310/310 System Corruption 0% Temperature Cool (0) Movement Walking (123) Location -8/Materials Parts ------- > --- POWER (1) -------- Cooled Deuterium Engine (fused) > --- PROPULSION (4) --- Aluminum Leg Aluminum Leg Cargo Legs > --- UTILITY (3+2) ---- Large Storage Unit Seismic Detector Medium Armor Plating (+) Self-contained Transmogrifier > --- WEAPON (3) ------- Enhanced Autogun Enhanced Autogun Enhanced Autogun > --- INVENTORY (15) --- Light Nuclear Core Aluminum Leg Large Matter Pod (150) Improved Terrain Scanner Seismic Detector Makeshift Light Armor Plating Scrap Shield High-powered Tractor Beam Heavy Assault Rifle High-powered Shotgun Enhanced Autogun Assault Cannon Subdweller Shrapnel Launcher Makeshift Axe Peak State ------------ > --- POWER ------------ Cooled Deuterium Engine > --- PROPULSION ------- Aluminum Leg Aluminum Leg Cargo Legs > --- UTILITY ---------- Large Storage Unit Seismic Detector Medium Armor Plating Self-contained Transmogrifier > --- WEAPON ----------- Enhanced Autogun Enhanced Autogun Enhanced Autogun > --- INVENTORY -------- Light Nuclear Core Light Nuclear Core Aluminum Leg Large Matter Pod Improved Terrain Scanner Seismic Detector Makeshift Light Armor Plating Scrap Shield Heavy Assault Rifle Enhanced Autogun Battle Cannon Subdweller Shrapnel Launcher Ripper Makeshift Axe [Rating: 51] Favorites ----------- Power Light Ion Engine Engine Light Ion Engine Power Core Light Nuclear Core Propulsion Light Treads Treads Light Treads Leg Aluminum Leg Wheel Subdweller Monowheel Utility Seismic Detector Device Seismic Detector Storage Large Storage Unit Protection Medium Armor Plating Weapon Particle Gun Energy Gun Particle Gun Energy Cannon Heavy Particle Cannon Ballistic Gun Assault Rifle Ballistic Cannon Battle Cannon Launcher Subdweller Shrapnel Launcher Special Weapon Mining Laser Slashing Weapon Ripper Build | -11 -10 -10 -8 ------- Run | Yrd Mat Sub Mat Slots Evolved 4 | . . . 4 Power . | . . . . Propulsion 2 | . . . 2 Utility 1 | . . . 1 Weapon 1 | . . . 1 Parts Attached 35 | 7 6 8 14 Power 3 | 1 . . 2 Engine 1 | 1 . . . Core 2 | . . . 2 Reactor . | . . . . Propulsion 6 | 2 . 2 2 Treads 2 | 2 . . . Leg 3 | . . 1 2 Wheel 1 | . . 1 . Hover . | . . . . Flight . | . . . . Utility 9 | 2 2 2 3 Device 4 | 1 1 1 1 Storage 2 | 1 1 . . Processor . | . . . . Hackware . | . . . . Protection 3 | . . 1 2 Artifact . | . . . . Weapon 17 | 2 4 4 7 Energy Gun 2 | . 1 1 . Energy Cannon . | . . . . Ballistic Gun 8 | 2 1 1 4 Ballistic Cannon 1 | . . 1 . Launcher 3 | . 1 1 1 Special Weapon 1 | . 1 . . Impact Weapon . | . . . . Slashing Weapon 2 | . . . 2 Piercing Weapon . | . . . . Special Melee Weapon . | . . . . Unidentified Prototypes 2 | . . . 2 Parts Lost 7 | . . 6 1 Power 1 | . . 1 . Propulsion 2 | . . 2 . Utility . | . . . . Weapon 4 | . . 3 1 Highest Loss Streak 4 | . . 4 1 To Critical Strikes . | . . . . Average Backups 9 | 1 7 11 13 Power . | . . . . Propulsion . | . . . . Utility 4 | . 2 5 6 Weapon 5 | 1 3 5 6 Tool/Special . | . . . . Unused Backups 18 | . 2 1 15 Power 2 | . . . 2 Propulsion 3 | . 2 . 1 Utility 6 | . . . 6 Weapon 7 | . . 1 6 Tool/Special . | . . . . Average Slot Usage (%) 88 | . 100 83 74 Engine 10 | . 14 9 2 Treads 17 | . 28 13 . Leg 3 | . . . 18 Wheel 1 | . . 3 . Device 13 | . 14 12 14 Storage 12 | . 14 13 7 Protection 1 | . . 1 4 Energy Gun 13 | . 10 20 1 Ballistic Gun 11 | . 16 2 17 Ballistic Cannon 1 | . . 3 . Peak Build Rating 51 | 7 9 26 51 Average Rating 15 | 5 8 10 47 On Entrance 10 | . 7 9 26 Avg Prop Armor Cover (%) . | . . . . Naked Turns . | . . . . Heaviest Build 48 | 11 29 31 48 Greatest Support 75 | 40 40 55 75 Greatest Overweight (x) 10 | 1 . 10 . Average Overweight (x) . | . . 1 . Largest Inventory Capacity 15 | 8 15 15 15 Average Capacity 12 | 7 9 15 15 Most Carried 15 | 4 9 15 15 Average Carried 10 | 1 7 12 14 Final Capacity 15 | 8 15 15 15 Final Carried 15 | 4 9 15 15 Transmogrified Parts 3 | . . . 3 Integrity Recovered 77 | . . . 77 Class Distribution -------------------- 83% | Mutant 12% | Tank 3% | Gunner Dominant Class ---------------- Mutant | -10/Materials Mutant | -10/Subcaves Tank | -8/Materials Resources | -11 -10 -10 -8 ----------- Run | Yrd Mat Sub Mat Matter Collected 1614 | 229 427 435 523 Remotely . | . . . . Salvage Created 1441 | 117 411 132 781 Parts 93 | 13 32 4 44 Haulers Intercepted 3 | . 1 . 2 Recyclers Shooed 1 | . . . 1 Parts Field Recycled . | . . . . Retrieved Matter . | . . . . Parts Self-Destructed 16 | . . 16 . Prevented . | . . . . Parts Restored . | . . . . Kills | -11 -10 -10 -8 ------- Run | Yrd Mat Sub Mat Combat Hostiles Destroyed 32 | . 8 6 18 Guns 19 | . 6 2 11 Cannons 1 | . . . 1 AOE 12 | . 2 4 6 Classes Destroyed 11 | 2 7 1 1 Worker 2 | . 1 . 1 Builder 2 | . 2 . . Tunneler 5 | 3 2 . . Hauler 3 | . 1 . 2 Recycler 1 | 1 . . . Mechanic 1 | . 1 . . Watcher 2 | . 2 . . Swarmer 6 | . 3 . 3 Grunt 18 | . 5 1 12 Sentry 3 | . . . 3 Subdweller 5 | . . 5 . Best Kill Streak 6 | 3 4 2 6 Combat Bots Only 5 | . 3 2 5 Max Kills in Single Turn 3 | 1 1 1 3 Gunslinging . | . . . . Exploded 2 | . 1 1 2 Melee . | . . . . Uniques/NPCs Destroyed . | . . . . Combat | -11 -10 -10 -8 -------- Run | Yrd Mat Sub Mat Hostile Shots Fired 136 | . 37 33 66 Missed 33 | . 11 5 17 Hits 103 | . 26 28 49 Projectile 103 | . 26 28 49 AOE 1 | . . 1 . Critical Strikes 7 | . . 3 4 Actively Blocked 1 | . . 1 . Damage Taken 1674 | . 265 649 760 Core 286 | . 57 113 116 Absorbed by Shields . | . . . . Redirected to Shielding 16 | . . 16 . Core Remaining (%) 66 | 100 . 32 . Volleys Fired 158 | 9 74 37 38 Largest 3 | 2 2 2 3 Hottest 135 | 40 100 125 135 Shots Fired 270 | 18 116 53 83 Gun 230 | 18 108 32 72 Cannon 18 | . . 11 7 Launcher 21 | . 7 10 4 Special 1 | . 1 . . Kinetic 190 | 18 80 21 71 Thermal 66 | . 29 25 12 Explosive 14 | . 7 7 . Electromagnetic . | . . . . Robot Hit Streak 25 | 9 9 25 9 Robot Miss Streak 10 | 1 10 2 3 Penetration Max . | . . . . Secondary Targets 2 | . . . 2 Max Gunslinging Chain 1 | . . . 1 Shots Hit Robots 156 | 13 57 34 52 Core Hits 84 | 7 28 11 38 Critical Kills . | . . . . Critical Parts Destroyed . | . . . . Critical Strikes 2 | . 2 . . Burn 2 | . 2 . . Melee Attacks 1 | . . . 1 Impact . | . . . . Slashing 1 | . . . 1 Piercing . | . . . . Sneak Attacks . | . . . . Combat Hostiles . | . . . . Follow-up Attacks . | . . . . Damage Inflicted 3555 | 107 832 1088 1528 Guns 2111 | 107 640 464 900 Cannons 114 | . . 64 50 Explosions 1330 | . 192 560 578 Melee . | . . . . Ramming . | . . . . Kinetic 2316 | 107 409 406 1394 Thermal 716 | . 231 351 134 Explosive 523 | . 192 331 . Electromagnetic . | . . . . Impact . | . . . . Slashing . | . . . . Piercing . | . . . . Highest Corruption . | . . . . Average Corruption . | . . . . Corruption Purged . | . . . . Corruption Blocked . | . . . . Overload Shots . | . . . . Overflow Damage 40 | . . . 40 Projectiles . | . . . . Explosions 40 | . . . 40 Melee . | . . . . Knockbacks 2 | . . 2 . Impact . | . . . . Kinetic 2 | . . 2 . Secondary . | . . . . Self-Inflicted Damage 18 | . . . 18 Shots 1 | . . . 1 Rammed . | . . . . Targets Rammed . | . . . . Kicked . | . . . . Crushed . | . . . . Highest Temperature 312 | . 312 9 258 Average Temperature 82 | . 93 4 78 Received Heat Transfer 618 | . 66 93 459 Effects 5 | . 2 . 3 Energy Bleed 1 | . . . 1 Interference 4 | . 2 . 2 Siege Activations . | . . . . Martial Activations . | . . . . Shielding Activations . | . . . . Robots Disrupted . | . . . . Combat Hostiles . | . . . . Robots Corrupted . | . . . . Combat Hostiles . | . . . . Parts Fried . | . . . . Impact Corruptions . | . . . . Robots Melted . | . . . . Combat Hostiles . | . . . . Parts Melted 4 | . 3 1 . Heat Transferred 1412 | . 740 498 174 Parts Sabotaged . | . . . . Parts Stolen . | . . . . Parts Stripped . | . . . . Power Chain Reactions . | . . . . Alert | -11 -10 -10 -8 ------- Run | Yrd Mat Sub Mat Maximum Alert Level 1 | . . . 1 Low Security (%) 77 | 100 100 . 22 Level 1 22 | . . . 77 Level 2 . | . . . . Level 3 . | . . . . Level 4 . | . . . . Level 5 . | . . . . High Security . | . . . . Max Security . | . . . . Peak Influence 316 | 10 154 . 316 Initial . | . . . . Average 105 | 1 60 . 224 Influence Increases 959 | 20 381 45 513 Destroy 0b10 Robot/C 540 | . 160 20 360 Destroy 0b10 Robot/NC 80 | 20 45 . 15 Destroy Leader 120 | . 36 10 74 Successful Hack 49 | . 49 . . Disable Machine 30 | . 15 . 15 Destroy Structure 65 | . 16 . 49 Lose Combat Pursuer 75 | . 60 15 . Influence Decreases 698 | 20 370 56 252 Entered New Map 6 | . . 6 . Time Decay 682 | 20 370 50 242 Lost Part 10 | . . . 10 Squads Dispatched 2 | . . . 2 Investigation . | . . . . Extermination . | . . . . Reinforcement 2 | . . . 2 Assault . | . . . . Garrison . | . . . . Intercept . | . . . . Searches Triggered . | . . . . Construction Impeded 1 | . . . 1 Haulers Reinforced . | . . . . Active Scanning Responses . | . . . . Cargo Convoy Interrupts . | . . . . Stealth | -11 -10 -10 -8 --------- Run | Yrd Mat Sub Mat Distress Signals 1 | . 1 . . Communications Jammed . | . . . . Distress Signals . | . . . . Times Spotted 53 | . 23 9 21 Peak Tracking Total 6 | . 4 2 6 Tactical Retreats 6 | . 3 3 . Traps | -11 -10 -10 -8 ------- Run | Yrd Mat Sub Mat Traps Triggered 2 | . . 2 . Indirectly . | . . . . Trap Hack Attempts . | . . . . Triggered . | . . . . Disarmed . | . . . . Reprogrammed . | . . . . Reused . | . . . . Traps Extracted . | . . . . Installed . | . . . . Triggered . | . . . . Machines | -11 -10 -10 -8 ---------- Run | Yrd Mat Sub Mat Machines Disabled 3 | . 1 1 1 Max in Single Turn 1 | . 1 1 1 Machines Repaired . | . . . . Machines Dismantled . | . . . . Machines Sabotaged . | . . . . Overloaded Fab Kills . | . . . . Hacking | -11 -10 -10 -8 --------- Run | Yrd Mat Sub Mat Machines Accessed 13 | . 7 1 5 Terminals 9 | . 6 . 3 Fabricators . | . . . . Repair Stations 1 | . . . 1 Recycling Units 2 | . 1 . 1 Scanalyzers . | . . . . Garrison Access . | . . . . Total Hacks 39 | . 26 1 12 Successful 23 | . 16 1 6 Failed 16 | . 10 . 6 Catastrophic 1 | . 1 . . Database Lockouts . | . . . . Manual 31 | . 23 . 8 Terminals 30 | . 22 . 8 Fabricators . | . . . . Repair Stations 2 | . . . 2 Recycling Units 6 | . 4 . 2 Scanalyzers . | . . . . Garrison Access . | . . . . Terminal Hacks 6 | . 5 1 . Robot Analysis 3 | . 3 . . Prototype ID Bank 1 | . 1 . . Locate Traps 1 | . 1 . . Proto ID Catalog 1 | . . 1 . Fabricator Hacks . | . . . . Repair Station Hacks 1 | . . . 1 Scan Component 1 | . . . 1 Recycling Unit Hacks 2 | . 1 . 1 Retrieve Components 2 | . 1 . 1 Scanalyzer . | . . . . Garrison Access Hacks . | . . . . Unauthorized Hacks 14 | . 10 . 4 Terminals 13 | . 9 . 4 Botnet 5 | . 3 . 2 Operators 1 | . 1 . . Skim 7 | . 5 . 2 Fabricators . | . . . . Repair Stations . | . . . . Recycling Units 1 | . 1 . . Reject 1 | . 1 . . Scanalyzers . | . . . . Garrison Access . | . . . . Data Cores Recovered . | . . . . Used . | . . . . Hacking Detections 12 | . 7 . 5 Full Trace Events . | . . . . Feedback Events . | . . . . Feedback Blocked . | . . . . Robot Schematics Acquired . | . . . . Robots Built . | . . . . Authchips . | . . . . Time . | . . . . Total Robot Build Rating . | . . . . Part Schematics Acquired . | . . . . Parts Built . | . . . . Authchips . | . . . . Time . | . . . . Total Part Build Rating . | . . . . Part Studies Acquired . | . . . . Parts Repaired . | . . . . Time . | . . . . Parts Recycled . | . . . . Recycled Matter . | . . . . Retrieved Matter . | . . . . Retrieved Components . | . . . . Parts Scanalyzed . | . . . . Part Schematics Acquired . | . . . . Parts Damaged . | . . . . Bothacking | -11 -10 -10 -8 ------------ Run | Yrd Mat Sub Mat Used RIF Installer . | . . . . Robots Hacked . | . . . . Non-combat . | . . . . Combat . | . . . . Robot Hacks Applied . | . . . . Relay Couplers Released . | . . . . Fabnet Peak Effective % . | . . . . Robots Rewired . | . . . . Allies Hacked . | . . . . Hacks Repelled . | . . . . Allies | -11 -10 -10 -8 -------- Run | Yrd Mat Sub Mat Total Allies . | . . . . Largest Group . | . . . . Highest-Rated Group . | . . . . Highest-Rated Ally . | . . . . Total Orders . | . . . . Ally Attacks . | . . . . Total Damage . | . . . . Kills . | . . . . Allies Corrupted . | . . . . Allies Melted . | . . . . Intel | -11 -10 -10 -8 ------- Run | Yrd Mat Sub Mat Active Infowar (turns) 2937 | 11 1273 1163 490 Seismic 2895 | 11 1273 1163 448 Jamming 42 | . . . 42 Robot Analysis Total 3 | . 3 . . Derelict Logs Recovered 1 | . . 1 . Drone Launches . | . . . . Drone Recoveries . | . . . . Exploration | -11 -10 -10 -8 ------------- Run | Yrd Mat Sub Mat Turns Passed 3230 | 90 1289 1285 566 Spaces Moved 1644 | 42 650 646 306 Core 70 | 15 . 55 . Treads 1000 | 27 650 323 . Legs 351 | . . 45 306 Wheels 223 | . . 223 . Hover . | . . . . Flight . | . . . . Fastest Speed 50 | 50 160 120 123 Average Speed 158 | 121 160 176 124 Slowest Speed 550 | 160 160 550 130 Overloaded Moves . | . . . . Propulsion Burnouts . | . . . . Robots Hopped . | . . . . Potential Cave-ins . | . . . . Cave-ins Triggered . | . . . . Exploration Rate (%) 41 | 3 88 48 28 Regions Visited 3 Branch Regions 1 Pre-discovered Areas 2 | . . 2 . Known Exits Taken . | . . . . Unknown Exits Taken 3 | 1 1 1 . Scrap Searched 7 | . . 7 . Spaces Dug 33 | . 9 . 24 Terrain Destroyed 128 | . 14 63 51 Melee 1 | . . . 1 Projectile 5 | . 1 . 4 AOE 122 | . 13 63 46 Terrain Rammed . | . . . . Walls Destroyed . | . . . . Machines Disabled . | . . . . Actions | -11 -10 -10 -8 --------- Run | Yrd Mat Sub Mat Total 2025 | 63 788 733 441 Wait 120 | 2 43 19 56 Move 1641 | 41 649 645 306 Hop . | . . . . Pick Up 34 | 4 8 11 11 Fast Attach 16 | 7 1 2 6 Attach 6 | . . 3 3 Detach 3 | . 1 . 2 Swap 27 | . 7 11 9 Drop 19 | . 5 5 9 Fire 158 | 9 74 37 38 Melee 1 | . . . 1 Ram . | . . . . Kick . | . . . . Crush . | . . . . Escape Stasis . | . . . . Rewire . | . . . . Trap . | . . . . Miscellaneous . | . . . . Route ------- -11/Scrapyard -10/Materials (discovered 5 exits: [*Mat x3] / *Min / *Sub) -10/Subcaves (discovered 2 exits: *Mat x2) -8/Materials History --------- Turn | Location | Event 6 | -11/Scrapyard | Discovered new exit (range 16) 91 | -11/Scrapyard | Entered Materials 301 | -10/Materials | Build established: Mutant 530 | -10/Materials | Discovered new exit (range 4) 716 | -10/Materials | Discovered new exit (range 14) 755 | -10/Materials | Learned 2 Storage zone layouts 815 | -10/Materials | Learned Storage trap positions 863 | -10/Materials | Identified exit to Mines 903 | -10/Materials | Learned Storage stockpile data 935 | -10/Materials | Learned Storage stockpile data 958 | -10/Materials | Learned location of 1 exit from Storage 974 | -10/Materials | Discovered new exit (range 13) 1147 | -10/Materials | Learned Storage trap positions 1369 | -10/Materials | Discovered new exit (range 8) 1380 | -10/Materials | Entered Subcaves 1478 | -10/Subcaves | Learned location of Zion (-7) 1478 | -10/Subcaves | Met a Zionite searching for "candidates" 1503 | -10/Subcaves | Discovered new exit (range 12) 2009 | -10/Subcaves | Core integrity fell below 50% 2060 | -10/Subcaves | Lost 4 parts (2n2w) 2207 | -10/Subcaves | A swath of the cavern ceiling suddenly collapsed 2539 | -10/Subcaves | Discovered new exit (range 10) 2584 | -10/Subcaves | Visited 4L-MR0's lab 2599 | -10/Subcaves | Found Prototype Device 2605 | -10/Subcaves | Found Cargo Legs 2607 | -10/Subcaves | Attached Cargo Legs, gained temporary slots: Utility x2 2665 | -10/Subcaves | Entered Materials 2665 | -8/Materials | Evolved 4 slots: Propulsion x2, Utility x1, Weapon x1 2665 | -8/Materials | Identified Sfc. Transmogrifier 3204 | -8/Materials | Build established: Tank 3231 | -8/Materials | Self-destructed Last Messages --------------- 03028_ Acquired Hpw. Tractor Beam. 03031_ R-06 Scavenger collects Heat Sink. 03047_ Acquired 68 matter. 03050_ Dropped Battle Cannon. 03051_ Acquired Assault Cannon. 03093_ Connecting with Recycling Unit... 03146_ Y-45 Defender destroyed. 03151_ A-02 Transporter destroyed. 03154_ K-01 Serf collects debris. 03155_ Acquired 48 matter. 03162_ Connecting with Repair Station... >>Scan(Enh. Autogun) Scanning Enh. Autogun... Ready to Repair: Enh. Autogun Rating: 3p Time: 60 03177_ K-01 Serf collects debris. 03188_ K-01 Serf cleans the Recycling Unit. 03192_ K-01 Serf collects debris. Map ----- +----------------------------------------------------+ | ?????????????????????????????????????????????????? | | ?????????????????????????????????????????????????? | | ?????????????????????????????????????????????????? | | ?????????????????????????????????????????????????? | | ?????????????????????????????????????????????????? | | ???????????????????????#?????????????????????????? | | ?????????????????????? ??????????????????????????? | | ????????????????????? ???????????????????????????? | | ?????????########### ????????????????????????????? | | ?????????? ?????????????????????????????? | | ??????????? ??????????????????????????????? | | ???????????? ???????????????????????????????? | | ????????????# #????????????????????????????????? | | ??########### #????????????????????????????????? | | ??# = # #????????????????????????????????? | | ??# " + ########?????????????????????????? | | ??# ! T # #?????????????????????????? | | ??# " # ############??????????????? | | ??# """ # # #??????????????? | | ??# """ ######## # = #???????????????? | | ??# """! [ #??????# # ! #???????????????? | | ??# !*%! #??????# # #???????????????? | | ??##+###+####??????# + " #???????????????? | | ???# #?# #?????????# # T ! ! #???????????????? | | ???# #?# #?????????# # " !!! #???????????????? | | ####+### #?????????# + @ !!! #???????????????? | | # T ## #?##########+############???????????????? | | # ## #?# + ! #??????????????????????? | | # ## #?# # """ #??????????????????????? | | #!! # ## # ! """ #??????????????????????? | | = ! # / """ #??????????????????????? | | %! *! # ##+##### % #??????????????????????? | | # !*[[## ## ! ## """ #??????????????????????? | | ####+### ## T ## """ #??????????????????????? | | [%%= ## ## """ #??????????????????????? | | ! ## ## #??????????????????????? | | ### * ###########??????????????????????? | | #?# #????????????????????????????????? | | #?# #????????????????????????????????? | | #?#####+#????????????????????????????????? | | #?????# #????????????????????????????????? | | #+####?#####+####?????????????????????????????? | | # = !## #?????????????????????????????? | | ## ## """ #?????????????????????????????? | | ## ## """ #?????????????????????????????? | | #? """ ## """ #?????????????????????????????? | | #? """ !## #?????????????????????????????? | | #? """ ## [#?????????????????????????????? | | #?###??### "Y" #?????????????????????????????? | | #????????# """ #?????????????????????????????? | +----------------------------------------------------+ Best States ------------- Heat Dissipation 31 Energy Generation 18 Energy Capacity 310 Matter Stores 300 Matter Capacity 300 Sight Range 16 Terrain Scan Density 10 Jamming Range 12 Armor Coverage 225 Core Shielding 20 Evasion (%) 55 Recoil Reduction 2 Item Schematics ----------------- None Robot Schematics ------------------ None Fabricated ------------ Nothing Repaired ---------- Nothing Studied --------- None Alien Tech Used ----------------- None Achievements -------------- None Challenges ------------ None Game ------ Seed MappingImpactSpoofer Manual? 0 Play Time 00:36:11 Cumulative 473.9 hours Start 2026.07.03 @ 11:37:32 End 2026.08.01 @ 00:02:15 Sessions 5 Manual Loads 0 Difficulty Rogue Special Mode None Game No. 367 Rogue 367 Adventurer 0 Explorer 0 Win Type - Total 8 Types 6/0/0/0/0/0/0/2/0/0 Lore% 73 Gallery% 71 Achievement% 60 Wizard Run 0 Options --------- Layout 1 ASCII 0 Keyboard 0 Movement Arrows Keybinds 0 Fullscreen 1 Font 32/SmallcapsGlow Map View 50x35 Zoom Use 0% Tactical HUD 1 Map Filters NONE Filters NONE Steam 1 RUN: b1be9bee-cc83-492b-a562-fd734714264c